 Dungeon Crawl Stone Soup version 0.30.0-29-ga12c61a403 (webtiles) character file.

Game seed: 3957097623166804328

210 Bnni the Digger (level 6, -1/38 (43) HPs)
             Began as a Formicid Earth Elementalist on June 20, 2023.
             Slain by an orc priest
             ... wielding a +0 club
              (5 damage)
             ... on level 4 of the Dungeon.
             The game lasted 00:05:39 (3416 turns).

Bnni the Digger (Formicid Earth Elementalist)       Turns: 3416, Time: 00:05:39

HP:   -1/38 (43)    AC:  4    Str: 13    XL:     6   Next: 12%
MP:   1/10          EV:  9    Int: 16    God:
Gold: 113           SH:  8    Dex: 14    Spells: 4/10 levels left

rFire   . . .        f - +0 quarterstaff
rCold   . . .        q - +0 kite shield
rNeg    . . .        l - +0 leather armour
rPois   .            (helmet unavailable)
rElec   .            e - +0 cloak
rCorr   .            (no gloves)
SInv    +            (no boots)
Will    .....        (no amulet)
Stlth   ++           (no ring)
HPRegen 0.26/turn    (no ring)
MPRegen 0.12/turn

%: no passive effects
@: heavily drained
A: permanent stasis, dig shafts and tunnels, antennae 3, four strong arms
a: Dig, Shaft Self


You were on level 4 of the Dungeon.
You visited 1 branch of the dungeon, and saw 4 of its levels.

You collected 113 gold pieces.

Inventory:

Hand Weapons
 f - a +0 quarterstaff (weapon)
Missiles
 d - 5 poisoned darts
Armour
 e - a +0 cloak (worn)
 g - a +0 ring mail
 l - a +0 leather armour (worn)
 q - a +0 kite shield (worn)
 s - a +0 chain mail
Scrolls
 a - a scroll of immolation {unknown}
 h - 2 scrolls of identify {unknown}
 j - a scroll of blinking {unknown}
 r - a scroll of amnesia {unknown}
 t - a scroll of brand weapon {unknown}
 u - a scroll of vulnerability {unknown}
Potions
 b - 3 potions of magic
 c - a potion of resistance {unknown}
 i - a potion of lignification {unknown}
 k - a potion of heal wounds {unknown}
 m - 2 potions of haste {unknown}
 n - a potion of degeneration {unknown}
 o - a potion of mutation {unknown}
 p - a potion of curing
 v - a potion of might {unknown}


   Skills:
 + Level 1.6 Fighting
 + Level 0.5 Armour
 - Level 1.7 Dodging
 - Level 2.4 Stealth
 * Level 1.7 Shields
 + Level 2.8 Spellcasting
 * Level 2.1 Conjurations
 * Level 2.9 Transmutations
 * Level 4.8 Earth Magic


You had 4 spell levels left.
You knew the following spells:

 Your Spells              Type           Power      Damage    Failure   Level
a - Sandblast             Erth           34%        2d9       13%         1
b - Passwall              Tmut/Erth      11%        N/A       28%         2
c - Stone Arrow           Conj/Erth      26%        3d8       54%         3

Your spell library contained the following spells:

 Spells                   Type           Power      Damage    Failure   Level
 Petrify                  Tmut/Erth      14%        N/A       88%         4


Dungeon Overview and Level Annotations

Branches:
Dungeon (4/15)
 Temple: D:4-7

Altars:
Gozag
Zin

Shops:
D:2 [


Innate Abilities, Weirdness & Mutations

You cannot be hasted, slowed, berserked, paralysed or teleported.
You can dig through walls and to a lower floor.
You have a pair of large antennae on your head. (SInv)
Your four strong arms can wield two-handed weapons with a shield.


Message History

* * * LOW HITPOINT WARNING * * *
You have reached level 6!
You thump the goblin!
You kill the goblin!
Aiming: Sandblast (safe; 13% risk of failure)
Press: ? - help, Q - select action, (/) - cycle Shift-Dir - straight line, f - orc priest
Aim: an orc priest, wielding a +0 club and wearing a +0 leather armour (lightly wounded, 82% to hit)
The blast of sand hits the orc priest.
The orc priest is moderately wounded.
The orc priest hits you with a +0 club.
* * * LOW HITPOINT WARNING * * *
You block the orc priest's attack.
Aiming: Sandblast (safe; 13% risk of failure)
Press: ? - help, Q - select action, (/) - cycle Shift-Dir - straight line, f/p - orc priest
Aim: an orc priest, wielding a +0 club and wearing a +0 leather armour (moderately wounded, 82% to hit)
The blast of sand misses the orc priest.
You block the orc priest's attack.
You feel better. The orc priest barely misses you.
Aiming: Sandblast (safe; 13% risk of failure)
Press: ? - help, Q - select action, (/) - cycle Shift-Dir - straight line, f/p - orc priest
Aim: an orc priest, wielding a +0 club and wearing a +0 leather armour (moderately wounded, 82% to hit)
The blast of sand hits the orc priest.
The orc priest is severely wounded.
The orc priest barely misses you. The orc priest hits you with a +0 club.
Aiming: Sandblast (safe; 13% risk of failure)
Press: ? - help, Q - select action, (/) - cycle Shift-Dir - straight line, f/p - orc priest
Aim: an orc priest, wielding a +0 club and wearing a +0 leather armour (severely wounded, 82% to hit)
The blast of sand hits the orc priest but does no damage.
The orc priest is severely wounded.
The orc priest calls down the wrath of Beogh upon you.
Beogh smites you!
* * * LOW HITPOINT WARNING * * *
Aiming: Sandblast (safe; 13% risk of failure)
Press: ? - help, Q - select action, (/) - cycle Shift-Dir - straight line, f/p - orc priest
Aim: an orc priest, wielding a +0 club and wearing a +0 leather armour (severely wounded, 82% to hit)
The blast of sand hits the orc priest.
The orc priest is almost dead.
The orc priest hits you but does no damage.
The orc priest hits you with a +0 club.
You die...

### #<# #.#
#.# ####)#
#@##.#
##o#.#
######{##{#
...g$.!{.)>#
##########.#
#{# ...
....{ ..o{.


You could see an orc priest.

Vanquished Creatures
  An orc priest (D:4)
  Ijyb (D:3)
  6 gnolls
  2 adders (D:2)
  2 worms (D:2)
  2 dart slugs (D:2)
  5 orcs
  4 ball pythons
  6 bats
  4 endoplasms
  A giant cockroach (D:1)
  5 goblins
  8 hobgoblins
  7 jackals
  3 kobolds (D:2)
  5 frilled lizards
  6 rats (D:1)
68 creatures vanquished.

Notes
Turn   | Place    | Note
-------+----------+-------------------------------------------
     0 | D:1      | Bnni the Formicid Earth Elementalist began the quest for
                  | the Orb.
     0 | D:1      | Reached XP level 1. HP: 13/13 MP: 3/3
   157 | D:1      | Found a faded altar of an unknown god.
   162 | D:1      | Reached XP level 2. HP: 19/19 MP: 3/5
   490 | D:1      | Reached skill level 1 in Conjurations
   490 | D:1      | Reached XP level 3. HP: 25/25 MP: 1/6
   697 | D:1      | Reached skill level 4 in Earth Magic
  1446 | D:2      | Found a glowing silver altar of Zin.
  1590 | D:2      | Learned a level 2 spell: Passwall
  1594 | D:2      | Learned a level 3 spell: Stone Arrow
  1616 | D:1      | Reached XP level 4. HP: 8/31 MP: 1/7
  1713 | D:2      | Reached skill level 1 in Fighting
  2098 | D:2      | Reached XP level 5. HP: 37/37 MP: 1/8
  2197 | D:2      | Found Yzagritt's Antique Armour Boutique.
  2474 | D:3      | Reached skill level 1 in Shields
  2550 | D:3      | Noticed Ijyb
  2559 | D:3      | Found an opulent altar of Gozag.
  2581 | D:3      | Killed Ijyb
  3410 | D:4      | Reached XP level 6. HP: 9/38 MP: 5/10
  3416 | D:4      | Slain by an orc priest

Illustrated notes

Levels and vault maps discovered:
D:1:      minmay_arrival_wavy_path, layout_basic,
          shapermc_ecumenical_altar_mp_ritualfount, interstate_on_off,
          corexii_leaking_fountain, minmay_misc_feat_alley
D:2:      layout_loops_cross, basic_altar, serial_shops, shop,
          nicolae_grassy_gnolls
D:3:      layout_basic, mainiacjoe_overflow_brackets, uniq_ijyb
D:4:      layout_basic, minmay_temple_entry_trees

Skill      XL: |  1  2  3  4  5 |
---------------+----------------+-----
Conjurations   | 1 2 |  2.1
Earth Magic    | 4 |  4.8
Transmutations | 2 |  2.9
Fighting       | 1 |  1.6
Shields        | 1 |  1.7
Armour         | |  0.5
Dodging        | |  1.7
Stealth        | |  2.4
Spellcasting   | |  2.8

Action                     |  1- 3 |  4- 6 || total
---------------------------+-------+-------++-------
  Melee: Unarmed           |    11 |       ||    11
         Quarterstaff      |    31 |    86 ||   117
   Cast: Sandblast         |    34 |    34 ||    68
Ability: Dig               |       |     2 ||     2
  Evoke: Wand              |       |     2 ||     2
    Use: Potion            |       |     4 ||     4
   Stab: Sleeping          |     1 |     4 ||     5
 Armour: Robe              |    12 |       ||    12
         Chain mail        |       |    22 ||    22
         Leather armour    |       |     9 ||     9
  Dodge: Dodged            |    50 |    33 ||    83
  Block: Kite shield       |       |    44 ||    44
